Map: 브리지헤드 - 래더 (공허)

Players

qxc

  • Race: Terran Terran
  • League: Diamond

BIGBOY (Patience) - Winner!

  • Race: Protoss Protoss
  • League: Diamond

Event: ASL Season 5 Prime League LOTV Beta

VOD

Have the link to the VOD?

Description

Time

  • Played on: Sept. 21, 2015, 12:23 p.m.
  • Length: 8:41

All games in this series

Show
View Real Time Build Order
Export as new Build Order

qxc Terran 

Build Orders: 1/1/1, MMM Bio, Widow Mine Drop 

Get SALT Encoding   

  12  0:00  SCV  
  13  0:12  SCV  
  14  0:18  Supply Depot  
  14  0:25  SCV  
  15  0:30  Refinery  
  15  0:40  SCV  
  16  0:45  Barracks  
  16  0:52  SCV  
  17  1:04  SCV  
  18  1:16  SCV  
  19  1:32  Factory, Orbital Command  
  19  1:33  Marine  
  20  1:40  Refinery  
  20  1:44  Supply Depot  
  20  1:50  Marine  
  21  2:00  SCV  
  22  2:08  Marine  
  22  2:12  SCV  
  24  2:17  Starport  
  24  2:18  Widow Mine  
  26  2:24  SCV  
  26  2:25  Supply Depot  
  26  2:26  Marine  
  28  2:36  SCV  
  29  2:44  Marine  
  29  2:48  SCV  
  33  2:55  Medivac  
  33  2:59  Command Center  
  33  3:04  Widow Mine  
  35  3:06  SCV  
  35  3:07  Marine  
  35  3:12  Supply Depot  
  37  3:16  Refinery  
  37  3:19  SCV  
  38  3:27  Barracks Reactor  
  38  3:31  SCV  
  39  3:39  Factory Tech Lab  
  39  3:43  SCV  
  39  3:48  Barracks  
  40  3:50  Barracks  
  40  3:55  SCV  
  41  4:03  Cyclone  
  41  4:04  Marine x2  
  46  4:12  SCV  
  48  4:22  Orbital Command, Marine x2  
  49  4:24  SCV  
  49  4:25  Mag-Field Accelerator  
  50  4:36  SCV  
  50  4:38  Barracks Tech Lab  
  50  4:41  Refinery  
  50  4:42  Marine x2  
  52  4:45  Barracks Tech Lab  
  52  4:49  SCV  
  52  4:52  SCV  
  53  5:05  Cyclone  
  53  5:06  Marine x2  
  53  5:07  Marine x2  
  58  5:10  SCV  
  58  5:11  Command Center, SCV  
  58  5:22  SCV  
  58  5:23  SCV  
  58  5:25  Marine x2  
  58  5:26  Stimpack  
  58  5:28  Marine x2  
  61  5:34  SCV  
  58  5:35  SCV  
  58  5:43  Cyclone  
  58  5:45  Marine  
  62  5:56  Marine  
  62  5:57  Marine  
  62  5:58  SCV  
  62  6:01  SCV  
  58  6:06  Marauder, Marine  
  58  6:11  SCV  
  51  6:14  Command Center, SCV, Marine  
  51  6:15  Marauder  
  52  6:23  SCV, Medivac  
  54  6:26  SCV  
  54  6:27  Marauder  
  54  6:32  Factory Reactor  
  57  6:35  SCV  
  57  6:38  SCV  
  57  6:39  Engineering Bay  
  58  6:42  Marine x2  
  58  6:45  Supply Depot  
  60  6:47  SCV  
  60  6:50  SCV  
  60  6:51  Factory Reactor  
  62  7:03  Supply Depot  
  62  7:04  Supply Depot  
  62  7:07  Marauder, SCV x2, Marine x2, Medivac  
  70  7:10  Marauder  
  72  7:18  Combat Shields  
  72  7:19  SCV x2  
  74  7:28  Supply Depot  
  74  7:31  SCV, Marauder, Marine x2  
  74  7:34  SCV  
  79  7:39  Marauder  
  79  7:42  Medivac  
  79  7:46  SCV  
  79  7:49  Marine x2  
  78  7:54  SCV  
  78  7:56  Marauder  
  78  8:00  SCV, Marine  
  61  8:06  SCV  
  61  8:07  Marine  
  61  8:10  Marine  
  53  8:13  SCV  
  53  8:17  Marauder  
  53  8:18  Marine  
  55  8:22  SCV  
  55  8:25  SCV  
Show
View Real Time Build Order
Export as new Build Order

BIGBOY Protoss - Winner!

Build Orders:  

Get SALT Encoding   

  12  0:00  Probe (Chrono Boost)  
  13  0:16  Pylon  
  13  0:18  Probe (Chrono Boost)  
  14  0:28  Probe (Chrono Boost)  
  15  0:38  Probe (Chrono Boost)  
  16  0:47  Probe (Chrono Boost)  
  17  0:57  Probe (Chrono Boost)  
  18  1:07  Probe (Chrono Boost)  
  18  1:08  Nexus  
  19  1:18  Gateway  
  19  1:20  Probe (Chrono Boost)  
  20  1:30  Probe (Chrono Boost)  
  21  1:34  Assimilator  
  21  1:39  Pylon  
  21  1:40  Probe (Chrono Boost)  
  22  1:48  Pylon  
  22  1:50  Probe (Chrono Boost)  
  23  1:55  Assimilator  
  23  1:59  Probe (Chrono Boost)  
  23  2:09  Cybernetics Core, Probe (Chrono Boost)  
  24  2:19  Probe (Chrono Boost)  
  24  2:21  Probe (Chrono Boost)  
  26  2:30  Probe (Chrono Boost)  
  26  2:31  Probe (Chrono Boost)  
  28  2:39  Probe (Chrono Boost)  
  28  2:41  Probe (Chrono Boost), Warp Gate (Chrono Boost)  
  28  2:43  Pylon  
  30  2:44  Adept (Chrono Boost)  
  30  2:47  Mothership Core (Chrono Boost)  
  34  2:52  Probe  
  35  3:01  Robotics Facility  
  35  3:04  Probe  
  36  3:05  Probe  
  36  3:09  Pylon  
  37  3:17  Probe  
  37  3:19  Probe, Adept  
  41  3:29  Gateway  
  41  3:34  Probe, Pylon  
  41  3:36  Probe  
  41  3:39  Gateway  
  43  3:42  Gateway  
  43  3:46  Adept  
  43  3:47  Observer (Chrono Boost)  
  45  3:52  Probe x2  
  48  3:58  Pylon  
  48  4:00  Assimilator  
  48  4:03  Pylon  
  48  4:04  Assimilator  
  48  4:08  Warp Prism (Chrono Boost)  
  50  4:11  Probe  
  49  4:28  Probe x2  
  49  4:30  Pylon  
  51  4:35  Twilight Council  
  51  4:38  Forge  
  51  4:43  Observer (Chrono Boost)  
  51  4:45  Probe x2  
  54  4:54  Adept x3  
  59  5:00  Observer (Chrono Boost)  
  58  5:08  Probe x2  
  60  5:17  Blink (Chrono Boost)  
  60  5:18  Adept x3  
  60  5:21  Protoss Ground Weapons Level 1 (Chrono Boost)  
  63  5:22  Adept  
  65  5:41  Adept x2  
  69  5:45  Adept  
  69  5:48  Adept  
  71  5:54  Probe x2  
  67  6:05  Warp Prism (Chrono Boost)  
  67  6:10  Adept  
  63  6:25  Probe  
  63  6:26  Probe  
  63  6:30  Gateway  
  63  6:31  Gateway  
  61  6:34  Gateway  
  59  6:44  Observer  
  60  7:01  Probe x2  
  62  7:05  Sentry x4  
  62  7:08  Nexus, Observer  
  71  7:17  Pylon  
  69  7:35  Adept x3  
  69  7:36  Adept x3  
  80  7:44  Adept, Pylon  
  80  7:46  Pylon  
  69  8:05  Adept x2  
  69  8:06  Adept x4  
  69  8:07  Adept  
  70  8:26  Sentry x3  
  75  8:38  Pylon  
  75  8:39  Pylon  
  72  8:41  Pylon  
Tags
 
Add a new tag
Caveats
  • Supply blocks, unpowered buildings, or Contaminate may cause inaccurate times.
  • Supply counts are checked every 10 seconds.